 Dungeon Crawl Stone Soup version 0.31-a0-844-gdc52ec4e09 (webtiles) character file.

Game seed: 770277808273672076

76 Ethylacetat the Changeling (level 4, 0/29 HPs)
             Began as an Octopode Shapeshifter on Sept 30, 2023.
             Slain by Grinder (9 damage)
             ... on level 3 of the Dungeon.
             The game lasted 00:01:40 (2070 turns).

Ethylacetat the Changeling (Octopode Shapeshifter)  Turns: 2070, Time: 00:01:40

Health: 0/29       AC:  1    Str: 13    XL:     4   Next: 32%
Magic:  4/4        EV: 13    Int: 12    God:
Gold:   152        SH:  5    Dex: 13    Spells: 3/3 levels left

rFire   . .          .
                       - Unarmed
rCold   . . .        (no shield)
rNeg    . . .        (helmet currently unavailable)
rPois   .            m - amulet of reflection
rElec   .            (no ring)
rCorr   .            (no ring)
SInv    .            (no ring)
Will    .....        (no ring)
Stlth   ++           (no ring)
HPRegen 0.24/turn    (no ring)
MPRegen 0.09/turn    (no ring)
                     (no ring)

%: reflection
@: beast-form
A: beast (slay +2), almost no armour, amphibious, 8 rings, camouflage 1,
gelatinous body 1, (nimble swimmer 1), tentacles
a: Begin Untransformation


You were on level 3 of the Dungeon.
You were a hulking beast.
You visited 1 branch of the dungeon, and saw 3 of its levels.

You collected 152 gold pieces.

Inventory:

Jewellery
 m - an amulet of reflection (around mantle)
Talismans
 b - a beast talisman (active)
 c - a flux talisman
Wands
 n - a wand of flame (13)
Scrolls
 d - a scroll of blinking {unknown}
 e - 2 scrolls of identify {unknown}
 g - a scroll of vulnerability {unknown}
 i - 3 scrolls of torment {unknown}
 j - a scroll of revelation {unknown}
 k - a scroll of immolation {unknown}
Potions
 a - 2 potions of lignification
 f - a potion of resistance {unknown}
 h - a potion of magic {unknown}
 l - a potion of curing {unknown}


   Skills:
 + Level 1.8 Fighting
 + Level 2.6 Dodging
 + Level 3.4 Unarmed Combat
 * Level 3.8 Shapeshifting


You had 3 spell levels left.
You didn't know any spells.
Your spell library contained the following spells:

 Spells                   Type           Power      Damage    Failure   Level
 Freeze                   Ice            0%         1d3       32%         1
 Sublimation of Blood     Necr           0%         N/A       45%         2
 Wereblood                Tmut           0%         N/A       45%         2
 Frozen Ramparts          Ice            0%         1d1       69%         3
 Hailstorm                Conj/Ice       0%         3d3       69%         3
 Summon Hydra             Summ           0%         N/A       100%        7


Dungeon Overview and Level Annotations

Branches:
Dungeon (3/15)

Altars:

Portals:
Sewer: D:3

Annotations:
D:3 Grinder


Innate Abilities, Weirdness & Mutations

You are a hulking beast.
Your limbs bulge with bestial killing power. (Slay +2)
You cannot wear most types of armour.
You are amphibious.
You can wear up to eight rings at the same time.
Your skin changes colour to match your surroundings (Stealth+).
Your rubbery body absorbs attacks. (AC +1, EV +1)
((You are camouflaged when in or above water. (Stealth+)))
You have tentacles for arms and can constrict up to eight enemies at once.


Message History

Jessica is heavily wounded.
You constrict Jessica. Jessica misses you.
You tentacle-slap Jessica.
You kill Jessica!
The rat barely misses you.
You have reached level 4!
You tentacle-slap the rat.
You kill the rat!
n - a wand of flame (14)
Things that are here:
a +0 club; a +0 robe
Found a war axe.
The adder hisses angrily.
You hear an angry hiss. x2
Found a glowing drain.
The adder hisses angrily. x2
Grinder comes into view.
You start putting on your amulet.
You continue putting on your amulet of reflection. x3
Grinder blinks!
You continue putting on your amulet of reflection. x2
You finish putting on your amulet of reflection.
You feel a shielding aura gather around you.
m - an amulet of reflection (around mantle)
Aiming: Throw Flame
Press: ? - help, Shift-Dir - straight line, f - Grinder
Aim: Grinder (64% to hit)
The puff of flame misses Grinder.
You completely miss Grinder. Your grab misses Grinder. Grinder hits you!
You tentacle-slap Grinder. Your grab misses Grinder.
Grinder is lightly wounded.
Grinder says, "Just stop there for a second..."
Grinder gestures at you. Pain shoots through your body!
* * * LOW HITPOINT WARNING * * *
You barely miss Grinder. You grab Grinder.
Grinder is lightly wounded.
You constrict Grinder, but do no damage.
Grinder hits you!
You die...
Grinder says, "Now the real fun starts!"

.## ........ .. #
.#####..# .# .#
.#~~~#... ##.##.###
.#~~~#.).# ##......$$
.#~∩B#.#..###.<.......
.#~SS#. #..##.........
.#~SS#5###.##.........
+##.h....#)†.......
......................
##....#...............
#...##............###
............#......#
##......>...#...?..#
#...###....##..####
#... ###### ..# ..#


You could see Grinder, 4 adders and a giant cockroach.

Vanquished Creatures
  Jessica (D:3)
  2 adders (D:2)
  A worm (D:2)
  3 bats
  3 endoplasms
  A goblin (D:1)
  2 hobgoblins
  7 kobolds
  2 quokkas (D:2)
  2 ball pythons
  7 rats
31 creatures vanquished.

Notes
Turn   | Place    | Note
-------+----------+-------------------------------------------
     0 | D:1      | Ethylacetat the Octopode Shapeshifter began the quest for
                  | the Orb.
     0 | D:1      | Reached XP level 1. HP: 13/13 MP: 1/1
   343 | D:1      | Reached XP level 2. HP: 15/18 MP: 2/2
  1036 | D:2      | Reached XP level 3. HP: 12/23 MP: 3/3
  2047 | D:3      | Noticed Jessica
  2052 | D:3      | Killed Jessica
  2053 | D:3      | Reached XP level 4. HP: 29/29 MP: 4/4
  2060 | D:3      | Found a glowing drain.
  2061 | D:3      | Noticed Grinder
  2070 | D:3      | Slain by Grinder

Illustrated notes

Levels and vault maps discovered:
D:1:      tekkud_arrival_beachfront_property, layout_basic,
          amcnicky_mini_rare_corridor_liquid, minmay_misc_feat_five
D:2:      layout_loops_ring, hex_medium, minmay_misc_feat_tower,
          grunt_ministairs_3, grunt_decor_fettered, roderic_lattice_a,
          hangedman_decor_points, chequers_avenue, kennysheep_generic_room_3
D:3:      layout_rooms, lemuel_doored_altar, gup_sewer_entry_glass,
          uniq_jessica, uniq_ijyb, uniq_natasha, uniq_grinder

Action                     |  1- 3 |  4- 6 || total
---------------------------+-------+-------++-------
  Melee: Unarmed           |    74 |     4 ||    78
         Tentacles         |    11 |       ||    11
         Constrict         |    17 |     1 ||    18
  Evoke: Wand              |       |     1 ||     1
   Stab: Sleeping          |     3 |       ||     3
 Armour: Skin              |    19 |     2 ||    21
  Dodge: Dodged            |    43 |       ||    43

Table legend: (Time is in decaauts)
 A = Elapsed time spent in this place.
 B = Non-inter-level travel time spent in this place.
 C = Inter-level travel time spent in this place.
 D = Time resting spent in this place.
 E = Time spent auto-exploring this place.
 F = Levels seen in this place.
 G = Mean time per level.
                   A        B        C        D        E       F      G
               +--------+--------+--------+--------+--------+-----+--------+
         Total |   2065 |   1965 |    100 |      0 |   1733 |   3 |  688.3 |
       Dungeon |   2065 |   1965 |    100 |      0 |   1733 |   3 |  688.3 |
               +--------+--------+--------+--------+--------+-----+--------+

Top non-repeatable levels by time:
     D:2: 1118 daAuts
     D:1: 924 daAuts
     D:3: 22 daAuts
